 Dungeon Crawl Stone Soup version 0.21.1-1-g345015f (webtiles) character file.

2454 grindst0ne the Fighter (level 9, 0/75 HPs)
             Began as a Formicid Hunter on Mar 4, 2018.
             Was a Follower of Okawaru.
             Slain by Menkaure (10 damage)
             ... on level 7 of the Dungeon.
             The game lasted 00:12:18 (7101 turns).

grindst0ne the Fighter (Formicid Hunter)            Turns: 7101, Time: 00:12:18

Health: 0/75       AC: 14    Str: 18    XL:     9   Next: 79%
Magic:  9/9        EV: 10    Int: 13    God:    Okawaru [*.....]
Gold:   233        SH:  0    Dex: 11    Spells: 8/8 levels left

rFire    + . .     SeeInvis +   a - +0 battleaxe
rCold    + . .     Gourm    .   (no shield)
rNeg     . . .     Faith    .   j - +2 scale mail {rC+}
rPois    .         Spirit   .   (helmet unavailable)
rElec    .         Reflect  .   (no cloak)
rCorr    .         Harm     .   m - +0 pair of gloves
MR       .....                  (no boots)
Stlth    ..........             (no amulet)
HPRegen  0.22/turn              i - +3 ring of protection
MPRegen  0.11/turn              n - ring of protection from fire

@: no status effects
A: permanent stasis, dig shafts and tunnels, four strong arms, antennae 3
a: Dig, Shaft Self, Heroism, Renounce Religion


You were on level 7 of the Dungeon.
You worshipped Okawaru.
Okawaru was aware of your devotion.
You were not hungry.

You visited 2 branches of the dungeon, and saw 8 of its levels.

You collected 415 gold pieces.
You spent 182 gold pieces at shops.

Inventory:

Hand Weapons
 a - a +0 battleaxe (weapon)
Missiles
 l - 6 tomahawks (quivered)
Armour
 j - a +2 scale mail of cold resistance (worn)
 m - a +0 pair of gloves (worn)
Jewellery
 i - a +3 ring of protection (left hand)
 k - an uncursed ring of wizardry
 n - a ring of protection from fire (right hand)
Wands
 c - a wand of random effects (39)
Scrolls
 p - 6 scrolls of teleportation {unknown}
 q - a scroll of enchant weapon {unknown}
 t - a scroll of remove curse {unknown}
 u - 4 scrolls of fog {unknown}
 w - a scroll of enchant armour {unknown}
 x - 2 scrolls of identify
 y - a scroll of amnesia {unknown}
Potions
 b - 2 potions of lignification
 e - 4 potions of haste
 g - 2 potions of degeneration
 h - a potion of flight
 o - a potion of heal wounds
 r - 2 potions of agility
 s - 4 potions of curing
 v - 3 potions of cancellation
 z - a potion of brilliance {unknown}
Comestibles
 d - 10 chunks of flesh
 f - 8 rations


   Skills:
 - Level 8.3 Fighting
   Level 1.9 Short Blades
 * Level 7.3 Axes
 - Level 4.0 Throwing
 - Level 7.0 Armour
 - Level 1.7 Dodging
 - Level 1.2 Stealth


You had 8 spell levels left.
You didn't know any spells.

Dungeon Overview and Level Annotations

Branches:
Dungeon (7/15)             Temple (1/1) D:6

Altars:
Ashenzari
Cheibriados
Dithmenos
Elyvilon
Gozag
Hepliaklqana
Makhleb
Nemelex Xobeh
Okawaru
Qazlal
Ru
Sif Muna
Trog
Vehumet
Wu Jian
Xom
Yredelemnul
The Shining One

Shops:
D:5 ([

Annotations:
D:6 exclusion: downstairs
D:7 Menkaure


Innate Abilities, Weirdness & Mutations

You cannot be hasted, slowed, berserked, paralysed or teleported.
You can dig through walls and to a lower floor.
Your four strong arms can wield two-handed weapons with a shield.
You have a pair of large antennae on your head. (SInv)


Message History

Menkaure calls on the powers of darkness!
Your body is wracked with pain!
Menkaure hits you!
You hit Menkaure.
Menkaure is lightly damaged.
Menkaure hits you. Menkaure barely misses you.
You completely miss Menkaure.
Menkaure is lightly damaged.
Menkaure barely misses you. Menkaure hits you!!
* * * LOW HITPOINT WARNING * * *
You hit Menkaure but do no damage.
Menkaure is lightly damaged.
Menkaure whispers drily.
Menkaure casts a spell at you. You resist with significant effort.
You closely miss Menkaure.
Menkaure is lightly damaged.
Menkaure gestures at you while chanting.
You resist with significant effort. Menkaure hits you!
You die...

#.#.# #... #.#.#
#.# #.#.# #.#
#...# #.# #..##
#.# #..# #.#
#..# #.# #..#
#M# #..# #@#
#..## #.# #...#
#.#
##..######.#####
#.............#
#.#######.###.#
#.# #.# #.# ##
#.# #.#
#.###########.
#.# #.#
#.#...........


You could see Menkaure.

Vanquished Creatures
  The ghost of kaesh the Cudgeler, an amateur TrMo (D:4)
  A hungry ghost (D:6)
  Edmund (D:6)
  Duvessa (D:5)
  A water moccasin (D:6)
  A sky beast (D:6)
  3 ice beasts (D:5)
  2 ogres
  A phantom (D:5)
  Blork the orc (D:5)
  A bullfrog (D:6)
  Dowan (D:5)
  A scorpion (D:5)
  3 wights (D:6)
  2 howler monkeys
  3 crimson imps
  3 hounds
  An iguana (D:4)
  3 orc wizards
  6 worker ants
  A hound skeleton (D:5)
  7 gnolls
  8 adders
  An ooze (D:4)
  An adder skeleton (D:7)
  6 worms
  2 dart slugs (D:2)
  6 leopard geckos
  10 orcs
  A ball python (D:3)
  9 bats
  7 giant cockroaches
  8 goblins
  4 hobgoblins
  11 jackals
  A quokka (D:2)
  2 frilled lizards
  11 kobolds
  A leopard gecko zombie (D:5)
  8 rats
142 creatures vanquished.

Notes
Turn   | Place    | Note
-------+----------+-------------------------------------------
     0 | D:1      | grindst0ne the Formicid Hunter began the quest for the Orb.
     0 | D:1      | Reached XP level 1. HP: 16/16 MP: 1/1
   104 | D:1      | Reached XP level 2. HP: 3/23 MP: 2/2
   724 | D:1      | Reached skill level 3 in Fighting
   724 | D:1      | Reached skill level 1 in Armour
   817 | D:1      | Reached skill level 1 in Short Blades
   817 | D:1      | Reached XP level 3. HP: 21/29 MP: 3/3
  1626 | D:2      | Reached XP level 4. HP: 35/35 MP: 4/4
  2687 | D:3      | Found a basalt altar of Yredelemnul.
  3049 | D:4      | Found a stormy altar of Qazlal.
  3064 | D:4      | Noticed kaesh's ghost (amateur TrMo)
  3097 | D:4      | Killed kaesh's ghost
  3097 | D:4      | Reached skill level 5 in Fighting
  3097 | D:4      | Reached XP level 5. HP: 12/44 MP: 5/5
  3097 | D:4      | Reached XP level 6. HP: 14/51 MP: 6/6
  3330 | D:4      | Found a sparkling altar of Nemelex Xobeh.
  3383 | D:4      | Reached XP level 7. HP: 49/56 MP: 7/7
  3480 | D:4      | Reached skill level 5 in Armour
  3976 | D:5      | Entered Level 5 of the Dungeon
  3997 | D:5      | Reached skill level 6 in Fighting
  4014 | D:5      | Found a shimmering altar of Xom.
  4015 | D:5      | Found a shimmering altar of Xom.
  4198 | D:5      | Reached XP level 8. HP: 65/65 MP: 8/8
  4233 | D:5      | Found Dufreuj's Antique Weapon Shoppe.
  4237 | D:5      | Bought a battleaxe for 182 gold pieces
  4244 | D:5      | Noticed Blork the orc
  4252 | D:5      | Killed Blork the orc
  4275 | D:5      | Reached skill level 7 in Fighting
  4371 | D:5      | Noticed Duvessa
  4371 | D:5      | Noticed Dowan
  4391 | D:5      | Killed Duvessa
  4399 | D:5      | Killed Dowan
  4688 | D:5      | Found a shimmering altar of Xom.
  4702 | D:5      | Found Qyish's Antique Armour Emporium.
  4734 | D:5      | Reached skill level 1 in Axes
  4999 | D:5      | Found a shadowy altar of Dithmenos.
  5121 | D:6      | Found a staircase to the Ecumenical Temple.
  5173 | Temple   | Entered the Ecumenical Temple
  5225 | Temple   | Became a worshipper of Warmaster Okawaru
  5261 | D:6      | Reached skill level 8 in Fighting
  5261 | D:6      | Reached XP level 9. HP: 72/74 MP: 9/9
  5327 | D:6      | Found an ornate altar of the Wu Jian Council.
  5386 | D:6      | Found a glowing golden altar of the Shining One.
  5519 | D:6      | Noticed Edmund
  5532 | D:6      | Killed Edmund
  5532 | D:6      | Reached skill level 5 in Axes
  5808 | D:6      | Reached * piety under Okawaru
  6154 | D:6      | Found a snail-covered altar of Cheibriados.
  7093 | D:7      | Noticed Menkaure
  7101 | D:7      | Slain by Menkaure

Skill      XL: |  1  2  3  4  5  6  7  8  9 |
---------------+----------------------------+-----
Fighting       | 3 5 6 8 |  8.3
Armour         | 1 4 6 7 |  7.0
Short Blades   | 1 |  1.9
Axes           | 3 7 |  7.3
Throwing       | |  4.0
Dodging        | |  1.7
Stealth        | |  1.2

Action                   |  1- 3 |  4- 6 |  7- 9 || total
-------------------------+-------+-------+-------++-------
Melee: Short sword       |     8 |       |       ||     8
       Hand axe          |    93 |    71 |       ||   164
       War axe           |       |    40 |    67 ||   107
       Battleaxe         |       |       |   295 ||   295
Throw: Javelin           |    19 |    38 |    13 ||    70
       Throwing net      |       |     3 |     3 ||     6
       Tomahawk          |       |       |    27 ||    27
 Abil: Dig               |       |     1 |     9 ||    10
  Use: Scroll            |       |     3 |     4 ||     7
       Potion            |       |     3 |     1 ||     4
 Stab: Sleeping          |     1 |       |       ||     1
       Held in net/web   |       |     2 |       ||     2
  Eat: Chunk             |     2 |     6 |    15 ||    23
       Ration            |       |       |     2 ||     2
Armor: Leather armour    |    18 |     6 |       ||    24
       Chain mail        |       |    57 |    14 ||    71
       Scale mail        |       |       |   235 ||   235
Dodge: Dodged            |    84 |    50 |   237 ||   371
